 Dungeon Crawl Stone Soup version 0.28-a0-704-g4d584c6bc1 (webtiles) character file.

Game seed: 2813334118763680463

63 Crumbo the Firebug (level 3, -2/19 HPs)
             Began as a Deep Elf Fire Elementalist on Oct 24, 2021.
             Slain by a gnoll (5 damage)
             ... on level 2 of the Dungeon.
             The game lasted 00:10:57 (3590 turns).

Crumbo the Firebug (Deep Elf Fire Elementalist)     Turns: 3590, Time: 00:10:58

Health: -2/19      AC:  2    Str:  5    XL:     3   Next: 89%
Magic:  10/10      EV: 12    Int: 20    God:
Gold:   112        SH:  0    Dex: 15    Spells: 6/9 levels left

rFire   . . .      SeeInvis .   d - +2 dagger (speed)
rCold   . . .      Faith    .   (no shield)
rNeg    . . .      Spirit   .   a - +0 robe
rPois   .          Reflect  .   (no helmet)
rElec   .          Harm     .   (no cloak)
rCorr   .          Rampage  .   (no gloves)
Will    .....                   (no boots)
Stlth   ++........              (no amulet)
HPRegen 0.06/turn               (no ring)
MPRegen 0.12/turn               (no ring)

@: no status effects
A: no striking features
a: no special abilities


You were on level 2 of the Dungeon.
You visited 1 branch of the dungeon, and saw 3 of its levels.

You collected 112 gold pieces.

Inventory:

Hand Weapons
 d - a +2 dagger of speed (weapon)
Missiles
 j - 12 poisoned darts
Armour
 a - a +0 robe (worn)
Scrolls
 b - a scroll of vulnerability {unknown}
 e - 3 scrolls of teleportation {unknown}
 g - a scroll of enchant weapon {unknown}
 h - 3 scrolls of identify {unknown}
Potions
 c - 2 potions of flight {unknown}
 f - a potion of haste {unknown}
 i - a potion of curing {unknown}


   Skills:
 + Level 2.6 Dodging
 * Level 3.4 Stealth
 + Level 3.7 Spellcasting
 * Level 1.8 Conjurations
 + Level 4.1 Fire Magic


You had 6 spell levels left.
You knew the following spells:

 Your Spells              Type           Power      Damage    Failure   Level
a - Foxfire               Conj/Fire      60%        2x1d7     3%          1
b - Scorch                Fire           40%        2d7       3%          2

Your spell library contained the following spells:

 Spells                   Type           Power      Damage    Failure   Level
 Conjure Flame            Conj/Fire      15%        6-21      12%         3
 Inner Flame              Hex/Fire       12%        N/A       17%         3
 Slow                     Hex            3%         N/A       21%         2
 Confusing Touch          Hex            3%         N/A       36%         3
 Flame Wave               Conj/Fire      15%        3d5       36%         4
 Yara's Violent Unravell  Hex/Tmut       1%         3d3       98%         5


Dungeon Overview and Level Annotations

Branches:
Dungeon (3/15)

Altars:


Message History

A goblin comes into view. It is wielding a +0 dagger.
Found 12 poisoned darts.
There is an open door here.
Casting: Scorch (safe; 3% risk of failure)
Confirm with . or Enter, or press ? or * to list all spells.
Flames lash the goblin.
You kill the goblin!
You see here a +0 dagger.
You see here 12 poisoned darts.
j - 12 poisoned darts You open the door.
You open the door.
Found a stone staircase leading up.
There is an open door here.
You see here a +0 dagger.
You see here a +0 dagger.
A bat comes into view.
A bat is nearby!
Done exploring.
Done exploring.
Casting: Scorch (safe; 3% risk of failure)
Confirm with . or Enter, or press ? or * to list all spells.
Flames lash the bat.
You kill the bat!
Done exploring.
Done exploring.
Done exploring.
Done exploring.
You see here a +0 dagger.
There is a stone staircase leading down here.
You climb downwards.
The gnoll shaman shouts!
The gnoll shouts! x3
There is a stone staircase leading up here.
The gnoll barely misses you. The gnoll hits you with a +0 halberd!
Ouch! That really hurt!
* * * LOW HITPOINT WARNING * * *
You climb upwards.
There is a stone staircase leading down here.
The gnoll hits you from afar with a +0 halberd.
You die...

.#..# #..........# #...##.###
.#..# #####......# #.........
.#..########......######...##....
.#................+............##
.#.#..............######...##..##
.#.#.#######......# #.........
.......# #..###g######...##....
##.#.#######..###>..............#
##+#............@g...............
...........................#.....
................####.###.###.....
#.............)..........###.....
#...............####.###.#.......
.........##..#.## #.....###.....
##+#.....##..#.#####.###.# #..#..
.....................# #.# #..#.#
.#.#.............#######.# #..#.#


You could see 2 gnolls.

Vanquished Creatures
  An adder (D:2)
  2 dart slugs
  4 ball pythons
  4 bats
  4 endoplasms
  2 giant cockroaches (D:1)
  9 goblins
  6 hobgoblins
  3 jackals (D:1)
  2 frilled lizards
  4 kobolds (D:1)
  2 rats (D:1)
43 creatures vanquished.

Vanquished Creatures (others)
  53 foxfires (D:1)
53 creatures vanquished.

Grand Total: 96 creatures vanquished

Notes
Turn   | Place    | Note
-------+----------+-------------------------------------------
     0 | D:1      | Crumbo the Deep Elf Fire Elementalist began the quest for
                  | the Orb.
     0 | D:1      | Reached XP level 1. HP: 10/10 MP: 6/6
   112 | D:1      | Reached XP level 2. HP: 6/15 MP: 2/8
  1848 | D:1      | Learned a level 2 spell: Scorch
  2001 | D:1      | Reached XP level 3. HP: 17/19 MP: 7/9
  2450 | D:2      | Reached skill level 4 in Fire Magic
  3095 | D:2      | Found a faded altar of an unknown god.
  3590 | D:2      | Slain by a gnoll

Illustrated notes

Levels and vault maps discovered:
D:1:      evilmike_arrival_hilbert_curve, layout_basic
D:2:      layout_basic, dreamdust_ecumenical_altar_angels_and_demons
D:3:      layout_basic

Skill      XL: |  1  2  3 |
---------------+----------+-----
Stealth        | 3 |  3.4
Fire Magic     | 4 |  4.1
Dodging        | |  2.6
Spellcasting   | |  3.7
Conjurations   | |  1.8

Action                   || total
-------------------------++-------
Melee: Unarmed           ||     6
       Dagger            ||     4
 Cast: Foxfire           ||    29
       Scorch            ||    18
 Stab: Sleeping          ||     1
Armor: Robe              ||     1
Dodge: Dodged            ||    14

Table legend: (Time is in decaauts)
 A = Elapsed time spent in this place.
 B = Non-inter-level travel time spent in this place.
 C = Inter-level travel time spent in this place.
 D = Time resting spent in this place.
 E = Time spent auto-exploring this place.
 F = Levels seen in this place.
 G = Mean time per level.
                   A        B        C        D        E       F      G
               +--------+--------+--------+--------+--------+-----+--------+
         Total |   3588 |   3588 |      0 |   1496 |   1534 |   3 | 1196.0 |
       Dungeon |   3588 |   3588 |      0 |   1496 |   1534 |   3 | 1196.0 |
               +--------+--------+--------+--------+--------+-----+--------+

Top non-repeatable levels by time:
     D:1: 2442 daAuts
     D:2: 1143 daAuts
     D:3: 1 daAuts
